 Dungeon Crawl Stone Soup version 0.30-a0-913-g9934a0ce24 (webtiles) character file.

Game seed: 5007423786830067036

168 Sabo the Ducker (level 5, -12/41 HPs)
             Began as a Gnoll Wanderer on Mar 19, 2023.
             Mangled by an ogre
             ... wielding a +0 giant spiked club
              (16 damage)
             ... on level 4 of the Dungeon.
             The game lasted 00:18:46 (3899 turns).

Sabo the Ducker (Gnoll Wanderer)                    Turns: 3899, Time: 00:18:48

Health: -12/41     AC:  4    Str: 11    XL:     5   Next: 48%
Magic:  6/12       EV: 18    Int: 14    God:
Gold:   269        SH:  0    Dex: 11    Spells: 13/14 levels left

rFire   . . .      SeeInvis .    r - staff of air
rCold   . . .      Faith    .    (no shield)
rNeg    . . .      Spirit   .    s - +0 leather armour
rPois   .          Reflect  .    (no helmet)
rElec   +          Rampage  .    (no cloak)
rCorr   .                        (no gloves)
Will    .....                    b - +0 pair of boots
Stlth   +                        p - amulet of the acrobat
HPRegen 0.26/turn                j - +5 ring of evasion
MPRegen 0.13/turn                t - ring of wizardry

@: no status effects
A: fangs 1, strong nose, distributed training
a: no special abilities


You were on level 4 of the Dungeon.
You visited 1 branch of the dungeon, and saw 4 of its levels.

You collected 269 gold pieces.

Inventory:

Hand Weapons
 a - a +2 spear
 i - a +1 short sword of electrocution
 l - a +0 short sword of holy wrath
Missiles
 n - 4 poisoned darts (quivered)
Armour
 b - a +0 pair of boots (worn)
 d - a +0 robe
 k - a +0 ring mail
 s - a +0 leather armour (worn)
Magical Staves
 r - a staff of air (weapon)
Jewellery
 j - a +5 ring of evasion (left hand)
 p - an amulet of the acrobat (around neck)
 t - a ring of wizardry (right hand)
Scrolls
 f - a scroll of brand weapon
 g - a scroll of silence {unknown}
 h - a scroll of blinking
 m - a scroll of fear {unknown}
 u - a scroll of fog {unknown}
Potions
 c - a potion of brilliance
 e - a potion of mutation {unknown}
 o - a potion of degeneration {unknown}
 q - a potion of heal wounds {unknown}
 v - 2 potions of cancellation {unknown}


   Skills:
 + Level 3.0 Fighting
 + Level 1.6 Short Blades
 + Level 1.6 Long Blades
 + Level 1.6 Axes
 + Level 1.6 Maces & Flails
 + Level 6.7 Polearms
 + Level 1.6 Staves
 + Level 1.6 Ranged Weapons
 + Level 1.6 Throwing
 + Level 1.6 Armour
 + Level 6.7 Dodging
 + Level 1.6 Stealth
 + Level 1.6 Shields
 + Level 1.6 Unarmed Combat
 + Level 5.2 Spellcasting
 + Level 1.2 Conjurations
 + Level 1.2 Hexes
 + Level 1.2 Summonings
 + Level 1.2 Necromancy
 + Level 1.2 Translocations
 + Level 1.2 Transmutations
 + Level 1.2 Fire Magic
 + Level 1.2 Ice Magic
 + Level 2.4 Air Magic
 + Level 1.2 Earth Magic
 + Level 1.2 Poison Magic
 + Level 1.8 Invocations
 + Level 1.6 Evocations


You had 13 spell levels left.
You knew the following spells:

 Your Spells              Type           Power      Damage    Failure   Level
a - Shock                 Conj/Air       52%        1d6       4%          1

Your spell library contained the following spells:

 Spells                   Type           Power      Damage    Failure   Level
 Beastly Appendage        Tmut           14%        N/A       5%          1
 Wereblood                Tmut           7%         N/A       9%          2
 Swiftness                Air            15%        N/A       10%         3
 Kindle Blastsparks       Fire/Tloc/Air  24%        2d12      14%         3
 Gell's Gravitas          Tloc           7%         N/A       16%         3
 Portal Projectile        Hex/Tloc       14%        N/A       16%         3
 Spider Form              Tmut/Pois      7%         N/A       16%         3
 Teleport Other           Tloc           7%         N/A       16%         3
 Tukima's Dance           Hex            7%         N/A       16%         3
 Airstrike                Air            7%         2d(2-18)  32%         4
 Blade Hands              Tmut           3%         N/A       78%         5
 Dispersal                Tloc           3%         N/A       100%        6


Dungeon Overview and Level Annotations

Branches:
Dungeon (4/15)
 Temple: D:4-7

Altars:
Ru

Shops:
D:1 =


Innate Abilities, Weirdness & Mutations

You have very sharp teeth.
Your uncanny sense of smell can sniff out nearby items.
Your experience applies equally to all skills.


Message History

Aiming: Shock (safe; 4% risk of failure)
Press: ? - help, Shift-Dir - straight line, f/p - orc priest
Aim: an orc priest, wielding a +0 club (moderately wounded, 68% to hit)
You feel a surge of power!
The zap misses the orc priest.
The ogre barely misses you. The orc priest closely misses you.
Casting: Shock (safe; 4% risk of failure)
Confirm with . or Enter, or press ? or * to list all spells.
Aiming: Shock (safe; 4% risk of failure)
Press: ? - help, Shift-Dir - straight line, f/p - orc priest
Aim: an orc priest, wielding a +0 club (moderately wounded, 68% to hit)
You feel a surge of power!
The zap misses the orc priest.
The orc priest completely misses you. The ogre misses you.
Casting: Shock (safe; 4% risk of failure)
Confirm with . or Enter, or press ? or * to list all spells.
Aiming: Shock (safe; 4% risk of failure)
Press: ? - help, Shift-Dir - straight line, f/p - orc priest
Aim: an orc priest, wielding a +0 club (moderately wounded, 68% to hit)
You feel a surge of power!
The zap hits the orc priest.
The orc priest is heavily wounded.
The orc priest calls down the wrath of Beogh upon you.
Beogh smites you!
* * * LOW HITPOINT WARNING * * *
Casting: Shock (safe; 4% risk of failure)
Confirm with . or Enter, or press ? or * to list all spells.
Aiming: Shock (safe; 4% risk of failure)
Press: ? - help, Shift-Dir - straight line, f/p - orc priest
Aim: an orc priest, wielding a +0 club (moderately wounded, 68% to hit)
You feel a surge of power!
The zap hits the orc priest.
The orc priest is severely wounded.
The ogre misses you. The orc priest misses you.
Casting: Shock (safe; 4% risk of failure)
Confirm with . or Enter, or press ? or * to list all spells.
Aiming: Shock (safe; 4% risk of failure)
Press: ? - help, Shift-Dir - straight line, f/p - orc priest
Aim: an orc priest, wielding a +0 club (severely wounded, 68% to hit)
You feel a surge of power!
The zap hits the orc priest.
The orc priest is severely wounded.
The orc priest completely misses you.
The ogre hits you with a +0 giant spiked club!
You die...

#####.##
......##
##.....#####
##..........#
#....)..#
+.......#
#.......#
##..oO..#
##..@..#
##...## ##'##
#.# #.# ##.##
##...##
#.....#
##...######


You could see an ogre and an orc priest.

Vanquished Creatures
  Natasha (thrice) (D:3)
  5 adders (D:3)
  4 worms
  A dart slug (D:3)
  5 bats
  3 endoplasms
  2 giant cockroaches (D:1)
  5 goblins
  3 hobgoblins
  2 kobolds
  A ball python (D:2)
  3 frilled lizards
  2 rats
39 creatures vanquished.

Notes
Turn   | Place    | Note
-------+----------+-------------------------------------------
     0 | D:1      | Sabo the Gnoll Wanderer began the quest for the Orb.
     0 | D:1      | Sabo set off with the following items: a +2 spear, a +0
                  | pair of boots, a potion of brilliance, a +0 robe; and the
                  | following spell memorised: Shock; and the following spells
                  | available to memorise: Kindle Blastsparks.
     0 | D:1      | Reached XP level 1. HP: 17/17 MP: 6/6
   198 | D:1      | Reached XP level 2. HP: 22/23 MP: 5/7
   728 | D:1      | Found Emasch's Jewellery Shop.
   932 | D:2      | Found a sacrificial altar of Ru.
  1433 | D:2      | Reached skill level 5 in Spellcasting
  1433 | D:2      | Reached XP level 3. HP: 28/28 MP: 7/9
  1761 | D:3      | Reached skill level 1 in Invocations
  2005 | D:3      | Reached skill level 1 in Short Blades
  2005 | D:3      | Reached skill level 1 in Long Blades
  2005 | D:3      | Reached skill level 1 in Axes
  2005 | D:3      | Reached skill level 1 in Maces & Flails
  2005 | D:3      | Reached skill level 1 in Staves
  2005 | D:3      | Reached skill level 1 in Ranged Weapons
  2005 | D:3      | Reached skill level 1 in Throwing
  2005 | D:3      | Reached skill level 1 in Armour
  2005 | D:3      | Reached skill level 1 in Stealth
  2005 | D:3      | Reached skill level 1 in Shields
  2005 | D:3      | Reached skill level 1 in Unarmed Combat
  2005 | D:3      | Reached skill level 1 in Evocations
  2079 | D:3      | Noticed Natasha
  2257 | D:3      | Killed Natasha
  2258 | D:3      | Reached XP level 4. HP: 23/34 MP: 7/11
  2540 | D:3      | Reached skill level 1 in Conjurations
  2540 | D:3      | Reached skill level 1 in Hexes
  2540 | D:3      | Reached skill level 1 in Summonings
  2540 | D:3      | Reached skill level 1 in Necromancy
  2540 | D:3      | Reached skill level 1 in Translocations
  2540 | D:3      | Reached skill level 1 in Transmutations
  2540 | D:3      | Reached skill level 1 in Fire Magic
  2540 | D:3      | Reached skill level 1 in Ice Magic
  2540 | D:3      | Reached skill level 1 in Earth Magic
  2540 | D:3      | Reached skill level 1 in Poison Magic
  2564 | D:3      | Noticed Natasha
  2569 | D:3      | Killed Natasha
  2784 | D:3      | Reached XP level 5. HP: 37/40 MP: 5/12
  3520 | D:3      | Noticed Natasha
  3530 | D:3      | Killed Natasha
  3882 | D:4      | Noticed an ogre
  3899 | D:4      | Mangled by an ogre

Illustrated notes

Levels and vault maps discovered:
D:1:      dpeg_arrival_court, layout_loops_ring, serial_shops, shop,
          chequers_serial_rivers_micro_d
D:2:      layout_loops_ring, basic_altar, nrook_loot_triangle
D:3:      layout_loops_corners, uniq_natasha
D:4:      layout_loops_corners, nicolae_overflow_hallway_of_the_gods,
          serial_shops, nicolae_shop_waterfront, minmay_unequal, uniq_duvessa

Skill      XL: |  1  2  3  4  5 |
---------------+----------------+-----
Air Magic      | 2 |  2.4
Spellcasting   | 5 |  5.2
Invocations    | 1 |  1.8
Short Blades   | 1 |  1.6
Long Blades    | 1 |  1.6
Axes           | 1 |  1.6
Maces & Flails | 1 |  1.6
Staves         | 1 |  1.6
Ranged Weapons | 1 |  1.6
Throwing       | 1 |  1.6
Armour         | 1 |  1.6
Stealth        | 1 |  1.6
Shields        | 1 |  1.6
Unarmed Combat | 1 |  1.6
Evocations     | 1 |  1.6
Conjurations   | 1 |  1.2
Hexes          | 1 |  1.2
Summonings     | 1 |  1.2
Necromancy     | 1 |  1.2
Translocations | 1 |  1.2
Transmutations | 1 |  1.2
Fire Magic     | 1 |  1.2
Ice Magic      | 1 |  1.2
Earth Magic    | 1 |  1.2
Poison Magic   | 1 |  1.2
Fighting       | 3 |  3.0
Polearms       | |  6.7
Dodging        | |  6.7

Action                     |  1- 3 |  4- 6 || total
---------------------------+-------+-------++-------
  Melee: Spear             |    31 |       ||    31
         Bite              |     2 |     4 ||     6
         Staff             |     1 |    52 ||    53
  Throw: Dart              |     6 |     2 ||     8
   Cast: Shock             |    45 |    50 ||    95
    Use: Scroll            |       |     2 ||     2
 Armour: Robe              |     4 |       ||     4
         Leather armour    |     1 |    15 ||    16
  Dodge: Dodged            |    38 |    88 ||   126

Table legend: (Time is in decaauts)
 A = Elapsed time spent in this place.
 B = Non-inter-level travel time spent in this place.
 C = Inter-level travel time spent in this place.
 D = Time resting spent in this place.
 E = Time spent auto-exploring this place.
 F = Levels seen in this place.
 G = Mean time per level.
                   A        B        C        D        E       F      G
               +--------+--------+--------+--------+--------+-----+--------+
         Total |   3906 |   3906 |      0 |   1315 |      0 |   4 |  976.5 |
       Dungeon |   3906 |   3906 |      0 |   1315 |      0 |   4 |  976.5 |
               +--------+--------+--------+--------+--------+-----+--------+

Top non-repeatable levels by time:
     D:3: 1969 daAuts
     D:1: 894 daAuts
     D:2: 827 daAuts
     D:4: 215 daAuts
